 Dungeon Crawl Stone Soup version 0.26-a0-1177-g1209ec82b9 (webtiles) character file.

Game seed: 16259774538650551655

91 voltaire321 the Sneak (level 4, 0/23 HPs)
             Began as a Vine Stalker Brigand on Dec 24, 2020.
             Slain by a jackal (1 damage)
             ... on level 2 of the Dungeon.
             The game lasted 00:07:08 (1990 turns).

voltaire321 the Sneak (Vine Stalker Brigand)        Turns: 1990, Time: 00:07:08

Health: 0/23       AC:  3    Str: 14    XL:     4   Next: 59%
Magic:  0/5        EV: 12    Int: 11    God:
Gold:   46         SH:  0    Dex: 16    Spells: 3/3 levels left

rFire    . . .     SeeInvis .   a - +2 dagger
rCold    . . .     Faith    .   (no shield)
rNeg     . . .     Spirit   +   b - +0 robe
rPois    .         Reflect  .   (no helmet)
rElec    .         Harm     .   c - +0 cloak
rCorr    .         Rampage  .   (no gloves)
Will     .....                  (no boots)
Stlth    +++.......             (no amulet)
HPRegen  0.47/turn              (no ring)
MPRegen  0.09/turn              (no ring)

@: no status effects
A: fangs 2, regeneration 1, magic shield, antimagic bite, no potion heal 3
a: no special abilities


You were on level 2 of the Dungeon.
You visited 1 branch of the dungeon, and saw 2 of its levels.

You collected 46 gold pieces.

Inventory:

Hand Weapons
 a - a +2 dagger (weapon)
Missiles
 d - 8 poisoned darts (quivered)
 e - 2 curare-tipped darts
Armour
 b - a +0 robe (worn)
 c - a +0 cloak (worn)
Scrolls
 f - a scroll of identify {unknown}
 g - 2 scrolls of teleportation {unknown}
 j - a scroll of immolation {unknown}
 k - 2 scrolls of remove curse {unknown}
Potions
 h - a potion of lignification {unknown}
 i - a potion of mutation {unknown}
 l - 2 potions of flight {unknown}


   Skills:
 + Level 2.3 Fighting
 + Level 2.4 Short Blades
 + Level 2.4 Throwing
 + Level 1.5 Dodging
 + Level 5.4 Stealth


You had 3 spell levels left.
You didn't know any spells.
Your spell library was empty.

Dungeon Overview and Level Annotations

Branches:
Dungeon (2/15)

Altars:
Cheibriados
Qazlal
Zin


Innate Abilities, Weirdness & Mutations

You have extremely sharp teeth.
Your natural rate of healing is unusually fast.
When hurt, damage is shared between your health and your magic reserves.
Your bite disrupts and absorbs the magic of your enemies.
Potions cannot restore your health.


Message History

The jackal bites you but does no damage.
The jackal misses you.
You see here an adder corpse.
You closely miss the jackal. Your bite misses the jackal.
The bat barely misses you. The frilled lizard bites you.
* * * LOW HITPOINT WARNING * * *
The bat barely misses you. The frilled lizard misses you.
The jackal misses you. The jackal barely misses you.
You closely miss the jackal. Your bite misses the jackal.
The bat barely misses you.
The frilled lizard completely misses you.
The jackal closely misses you. x2
The frilled lizard bites you but does no damage.
You barely miss the jackal. The jackal bites you.
* * * LOW HITPOINT WARNING * * *
The jackal closely misses you. The frilled lizard barely misses you.
The frilled lizard bites you but does no damage.
You barely miss the jackal. Your bite misses the jackal.
The bat closely misses you. The jackal bites you.
You die...

###
####...###### #
##...........# #
##.#.#...####.#
#
..#........(#.#
#
................
##
#>##.........#.#
#. #...†.†#### #
#. #.##bh?# #.
.). #@h.# #. ...
#ll## #. #.#
...... #†
#####.## #. ..
#. ≈.. #. #§≈.
##. #≈≈# #.. #.#


You could see 2 jackals, a bat and 2 frilled lizards.

Vanquished Creatures
  6 adders (D:2)
  2 bats (D:2)
  A giant cockroach (D:2)
  5 goblins
  3 hobgoblins
  8 jackals
  6 kobolds
  2 frilled lizards
  4 rats
37 creatures vanquished.

Notes
Turn   | Place    | Note
-------+----------+-------------------------------------------
     0 | D:1      | voltaire321 the Vine Stalker Brigand began the quest for
                  | the Orb.
     0 | D:1      | Reached XP level 1. HP: 11/11 MP: 2/2
   166 | D:1      | Upgraded the game from 0.26-a0-1164-g1a551d6a14 to
                  | 0.26-a0-1177-g1209ec82b9
   199 | D:1      | Reached skill level 1 in Dodging
   199 | D:1      | Reached XP level 2. HP: 9/15 MP: 1/3
   401 | D:1      | Reached skill level 5 in Stealth
   918 | D:2      | Found a stormy altar of Qazlal.
   929 | D:2      | Reached XP level 3. HP: 7/18 MP: 4/4
  1154 | D:2      | Found a snail-covered altar of Cheibriados.
  1606 | D:2      | Gained mutation: Your natural rate of healing is unusually
                  | fast. [Vine Stalker growth]
  1606 | D:2      | Reached XP level 4. HP: 23/23 MP: 5/5
  1949 | D:2      | Found a glowing silver altar of Zin.
  1949 | D:2      | Noticed an angel
  1989 | D:2      | HP: 1/23 [jackal (2)]
  1990 | D:2      | Slain by a jackal

Illustrated notes

Levels and vault maps discovered:
D:1:      dpeg_arrival_rooms_with_view, layout_loops_corners
D:2:      layout_loops_ring, cheibriados_altar_1, zin_angel, tgw_xom,
          lemuel_crystal_altar, st_stairs_7

Skill      XL: |  1  2 |
---------------+-------+-----
Dodging        | 1 |  1.5
Stealth        | 5 |  5.4
Fighting       | 2 |  2.3
Short Blades   | 2 |  2.4
Throwing       | 2 |  2.4

Action                   |  1- 3 |  4- 6 || total
-------------------------+-------+-------++-------
Melee: Dagger            |    58 |    43 ||   101
       Bite              |    12 |    11 ||    23
 Stab: Sleeping          |     7 |     2 ||     9
Armor: Robe              |    10 |    27 ||    37
Dodge: Dodged            |    23 |    82 ||   105

Table legend: (Time is in decaauts)
 A = Elapsed time spent in this place.
 B = Non-inter-level travel time spent in this place.
 C = Inter-level travel time spent in this place.
 D = Time resting spent in this place.
 E = Time spent auto-exploring this place.
 F = Levels seen in this place.
 G = Mean time per level.
                   A        B        C        D        E       F      G
               +--------+--------+--------+--------+--------+-----+--------+
         Total |   1980 |   1980 |      0 |    677 |    919 |   2 |  990.0 |
       Dungeon |   1980 |   1980 |      0 |    677 |    919 |   2 |  990.0 |
               +--------+--------+--------+--------+--------+-----+--------+

Top non-repeatable levels by time:
     D:2: 1034 daAuts
     D:1: 945 daAuts
